AoeStats
← 鄙人張麻子

Arena

507500101Analyzed
4v4 RM · 14d ago on Sep 18, 2026· 46m 34s· 8 players
Game mode
Random Map
Map size
Large (8 player)
Population
200
Speed
Normal
Resources
Standard
Victory
Conquest
Starting age
Dark Age
Ending age
Imperial Age
RankedLock teamsTeams togetherTeam positionsShared explorationLock speedFull tech treeHidden civsTurbo modeCheats
Victory
Defeat
🇹🇼 Portuguese · Taiwan
1237
+11
🇹🇼 Saracens · Taiwan
1190
+13
🇹🇼 Celts · Taiwan
1073
+18
🇹🇼 Persians · Taiwan
1046
+19
🇪🇸 Goths · Spain
1229
-19
🇪🇸 Turks · Spain
1173
-17
🇪🇸 Cumans · Spain
1099
-14
🇪🇸 Khmer · Spain
1002
-11
DOM
3:42 Loom
10:55 Feudal Age
11:50 Horse Collar
11:47 Man-at-Arms
12:56 Double-Bit Axe
13:24 Scale Mail Armor
15:09 Forging
22:31 Castle Age
20:52 Fletching
21:39 Gold Mining
21:50 Stone Mining
23:54 Iron Casting
23:24 Squires
23:53 Bow Saw
23:54 Pikeman
25:38 Heavy Plow
25:54 Long Swordsman
26:23 Town Watch
28:06 Chain Mail Armor
29:29 Wheelbarrow
30:37 Hand Cart
31:37 Stone Shaft Mining
35:58 Imperial Age
33:33 Bodkin Arrow
35:12 Ballistics
37:49 Chemistry
36:46 Two-Handed Swordsman
37:12 Halberdier
37:35 Champion
39:14 Perfusion
40:39 Conscription
40:23 Elite Skirmisher
43:18 Blast Furnace
43:43 Two-Man Saw
42:49 Bracer
43:22 Masonry
Dadderk
0:35 Loom
10:45 Feudal Age
24:28 Castle Age
25:47 Wheelbarrow
26:30 Pikeman
27:10 Squires
27:20 Arson
27:55 Double-Bit Axe
29:23 Bow Saw
31:40 Horse Collar
31:58 Gold Mining
32:08 Stone Mining
33:22 Bloodlines
34:51 Gold Shaft Mining
34:37 Heavy Plow
35:17 Forging
35:08 Scale Mail Armor
36:10 Ballistics
35:45 Murder Holes
36:40 Padded Archer Armor
36:31 Fletching
38:50 Leather Archer Armor
39:01 Hand Cart
38:29 Elite Skirmisher
43:59 Thumb Ring
45:22 Bodkin Arrow
BAM
10:11 Feudal Age
11:33 Wheelbarrow
10:43 Horse Collar
11:59 Double-Bit Axe
15:33 Loom
18:21 Castle Age
19:24 Bow Saw
21:22 Heavy Plow
21:26 Pikeman
21:52 Arson
24:54 Hand Cart
31:12 Imperial Age
30:07 Forging
29:58 Scale Mail Armor
30:55 Gold Mining
30:58 Stone Mining
31:52 Ballistics
31:35 Halberdier
32:34 Scale Barding Armor
33:06 Iron Casting
33:35 Chemistry
33:24 Double Crossbow
34:06 Town Watch
34:52 Tusk Swords
35:36 Gold Shaft Mining
35:38 Stone Shaft Mining
35:16 Elite Ballista Elephant
38:25 Husbandry
39:31 Blast Furnace
38:53 Chain Barding Armor
38:45 Murder Holes
39:02 Fortified Wall
jaimelugu8
10:48 Feudal Age
11:36 Loom
14:45 Castle Age
12:57 Stone Mining
22:12 Fletching
32:08 Imperial Age
GG豪大
10:32 Feudal Age
14:58 Castle Age
12:52 Double-Bit Axe
13:15 Horse Collar
13:22 Loom
24:06 Wheelbarrow
25:08 Bow Saw
25:47 Scale Barding Armor
27:18 Hand Cart
27:49 Bloodlines
27:58 Gold Mining
29:27 Gold Shaft Mining
32:22 Imperial Age
32:12 Husbandry
32:33 Chain Barding Armor
32:24 Forging
32:44 Cavalier
34:41 Stone Mining
35:55 Two-Man Saw
35:52 Plate Barding Armor
36:44 Padded Archer Armor
36:35 Fletching
37:20 Iron Casting
36:49 Savar
37:03 Elite Skirmisher
38:01 Leather Archer Armor
37:42 Bodkin Arrow
38:22 Thumb Ring
39:23 Chemistry
40:57 Ring Archer Armor
41:28 Blast Furnace
41:21 Devotion
45:00 Light Cavalry
46:27 Hussar
世紀垃圾
10:40 Feudal Age
15:04 Castle Age
14:02 Double-Bit Axe
14:08 Horse Collar
16:12 Bow Saw
16:12 Loom
19:40 Gold Mining
24:30 Heavy Plow
24:41 Man-at-Arms
25:26 Long Swordsman
29:18 Scale Mail Armor
36:43 Imperial Age
37:30 Heavy Scorpion
41:05 Ballistics
44:19 Wheelbarrow
46:51 Hand Cart
鄙人張麻子
10:36 Feudal Age
10:05 Loom
14:40 Castle Age
12:40 Double-Bit Axe
14:44 Gold Mining
22:20 Horse Collar
30:49 Wheelbarrow
30:51 Bow Saw
34:04 Hand Cart
37:35 Imperial Age
35:08 Stone Mining
39:18 Chemistry
38:40 Block Printing
40:20 Fervor
43:19 Sanctity
43:34 Conscription
45:42 Theocracy
老雞白
10:54 Feudal Age
14:47 Castle Age
13:04 Double-Bit Axe
14:04 Horse Collar
15:31 Bloodlines
21:50 Bow Saw
23:32 Gold Mining
26:13 Husbandry
26:44 Scale Barding Armor
27:39 Stone Mining
28:48 Wheelbarrow
27:59 Loom
28:58 Heavy Plow
32:59 Imperial Age
31:09 Hand Cart
30:29 Light Cavalry
31:05 Fletching
31:40 Ballistics
32:08 Bodkin Arrow
32:34 Padded Archer Armor
32:26 Town Watch
33:06 Thumb Ring
34:55 Chemistry
33:56 Bracer
34:28 Leather Archer Armor
34:40 Conscription
35:12 Parthian Tactics
35:42 Coinage
36:12 Chain Barding Armor
37:39 Heavy Cavalry Archer
40:53 Plate Barding Armor
42:55 Forging
45:22 Masonry
44:50 Elite Mameluke
46:17 Iron Casting
46:13 Ring Archer Armor
46:28 Hoardings
Connection lost

Rejoining the realm…

Still unreachable

The connection could not be restored.

Session expired

The server has moved on; the page needs a fresh start.